 Dungeon Crawl Stone Soup version 0.23.2-40-g277498a001 (webtiles) character file.

Game seed: 2565320742207930202

18 KnightHorse the Ducker (level 2, -9/11 HPs)
             Began as a Felid Venom Mage on Oct 1, 2019.
             Engulfed by a cloud of flame (20 damage)
             ... on level 1 of the Dungeon.
             The game lasted 00:10:06 (953 turns).

KnightHorse the Ducker (Felid Venom Mage)            Turns: 953, Time: 00:10:07

Health: -9/11      AC:  1    Str:  4    XL:     2   Next: 48%
Magic:  6/6        EV: 18    Int: 16    God:
Gold:   35         SH:  0    Dex: 16    Spells: 2/5 levels left
                                        Lives:  0   Deaths: 0

rFire    . . .     SeeInvis +   (weapon unavailable)
rCold    . . .     Gourm    .   (shield unavailable)
rNeg     . . .     Faith    .   (armour unavailable)
rPois    .         Spirit   .   (helmet unavailable)
rElec    .         Reflect  .   (cloak unavailable)
rCorr    .         Harm     .   (gloves unavailable)
MR       .....                  (boots unavailable)
Stlth    +++.......             (no amulet)
HPRegen  0.03/turn              (no ring)
MPRegen  0.10/turn              (no ring)

@: quick
A: very small, no armour, no weapons or thrown items, stealth, claws 1, fangs 3,
see invisible, carnivore, speed 1, shaggy fur 1, slow metabolism 1, sharp paws
a: no special abilities


You were on level 1 of the Dungeon.
You were full.

You visited 1 branch of the dungeon, and saw 2 of its levels.

You collected 35 gold pieces.

Inventory:

Jewellery
 d - an uncursed ring of ice {unknown}
Scrolls
 a - a scroll of teleportation {unknown}
 e - a scroll of identify {unknown}
Potions
 c - a potion of lignification {unknown}
Comestibles
 b - 4 rations


   Skills:
 * Level 3.1 Dodging
 * Level 3.0 Stealth
 + Level 0.6 Unarmed Combat
 + Level 2.1 Spellcasting
 + Level 1.1 Conjurations
 * Level 2.8 Poison Magic


You had 2 spell levels left.
You knew the following spells:

 Your Spells              Type           Power        Failure   Level  Hunger
a - Sting                 Conj/Pois      #...         9%          1    #......
b - Poisonous Vapours     Pois/Air       #.....       17%         2    ###....

Your spell library contained the following spells:

 Spells                   Type           Power        Failure   Level  Hunger
 Mephitic Cloud           Conj/Pois/Air  #.......     34%         3    ###....
 Olgreb's Toxic Radiance  Pois           ##......     54%         4    #####..
 Venom Bolt               Conj/Pois      #.........   94%         5    ######.


Dungeon Overview and Level Annotations

Branches:
Dungeon (2/15)

Altars:


Innate Abilities, Weirdness & Mutations

You cannot wear armour.
You are incapable of wielding weapons or throwing items.
Your paws allow you to move quietly. (Stealth)
You have sharp claws.
You have razor-sharp teeth.
You have supernaturally acute eyesight. (SInv)
You are carnivorous and can eat meat at any time.
You cover ground quickly.
You are covered in fur. (AC +1)
You have a slow metabolism.
Your sharp claws are effective at attacking unaware monsters.


Message History

Eating a chunk of flesh.
You eat the chunk of flesh.
This raw flesh tastes great.
Magic restored.
You see here an embroidered hat.
There is an open door here.
Found 6 tomahawks.
You open the door.
There is an open door here.
There is an open door here.
Partly explored, can't reach some places.
Really walk into a travel-excluded area?
Okay, then.
Really walk into a travel-excluded area?
Uppercase [Y]es or [N]o only, please.
Really walk into a travel-excluded area?
Found a flail.
A frilled lizard comes into view.
You are engulfed in blazing flames.
Ouch! That really hurt!
You die...

#...# #### #...# #..#####.l.##
#...# #....§☼.))..○ #...#
#...§○§.?(%.§ #...# #...○§§.?$..
#### #...# #..#####...# #...
#...###..# #☼§§# #.## ......'..#
#§☼○# ###### #.# #...###..# #○°@#
#....# #.# ..### #..#####...###
#....# #.# ### #............#
#....# #.# ##### ####..########
#....# #.# ....# ##.## #....# #.#
....#######..#########....####.##
....+.....................'......
....##.........#######....#..###.
)...##.........# #....#.)###.


You could see a frilled lizard (sleeping).

Vanquished Creatures
  An ooze (D:1)
  4 bats (D:1)
  A giant cockroach (D:1)
  A goblin (D:1)
  A hobgoblin (D:1)
  2 frilled lizards (D:1)
  A kobold (D:1)
  3 rats (D:1)
14 creatures vanquished.

Notes
Turn   | Place    | Note
-------+----------+-------------------------------------------
     0 | D:1      | KnightHorse the Felid Venom Mage began the quest for the
                  | Orb.
     0 | D:1      | Reached XP level 1. HP: 7/7 MP: 4/4
    33 | D:1      | Reached skill level 1 in Conjurations
   130 | D:1      | Reached XP level 2. HP: 11/11 MP: 3/6
   228 | D:1      | Learned a level 2 spell: Poisonous Vapours
   953 | D:1      | Engulfed by a cloud of flame

Skill      XL: |  1  2 |
---------------+-------+-----
Dodging        | 3 |  3.1
Conjurations   | 1 |  1.1
Stealth        | 3 |  3.0
Unarmed Combat | |  0.6
Spellcasting   | |  2.1
Poison Magic   | |  2.8

Action                   || total
-------------------------++-------
Melee: Unarmed           ||    15
       Bite              ||     4
 Cast: Sting             ||    32
  Eat: Chunk             ||     5
Armor: Skin              ||     1
Dodge: Dodged            ||    20
